 Dungeon Crawl Stone Soup version 0.32-a0-995-gb4a59205af (webtiles) character file.

Game seed: 1730946857226319667

2587 Bediveer the Destroyer (level 9, -12/54 HPs)
             Began as an Octopode Conjurer on Apr 22, 2024.
             Was a Follower of Vehumet.
             Mangled by a cyclops (18 damage)
             ... on level 7 of the Dungeon.
             The game lasted 00:15:55 (8476 turns).

Bediveer the Destroyer (Octopode Conjurer)          Turns: 8476, Time: 00:15:56

Health: -12/54     AC:  1    Str:  6    XL:     9   Next: 58%
Magic:  19/19      EV: 12    Int: 22    God:    Vehumet [*.....]
Gold:   83         SH:  0    Dex: 13    Spells: 10/21 levels left

rFire   . . .        p - +0 triple crossbow
rCold   . . .        (shield currently unavailable)
rNeg    . . .        (helmet restricted)
rPois   .            (no amulet)
rElec   .            i - ring of see invisible
rCorr   .            (no ring)
SInv    +            (no ring)
Will    .....        (no ring)
Stlth   +++          (no ring)
HPRegen 0.29/turn    (no ring)
MPRegen 0.16/turn    (no ring)
                     (no ring)

%: no passive effects
@: very slightly contaminated, invisible (expiring)
A: almost no armour, amphibious, 8 rings, camouflage 1, gelatinous body 1,
(nimble swimmer 1), tentacles
a: Renounce Religion


You were on level 7 of the Dungeon.
You worshipped Vehumet.
Vehumet was aware of your devotion.
You visited 2 branches of the dungeon, and saw 8 of its levels.

You collected 408 gold pieces.
You spent 325 gold pieces at shops.

Inventory:

Hand Weapons
 c - a +2 dagger of venom
 p - a +0 triple crossbow (weapon)
Missiles
 h - 12 poisoned darts
 y - a throwing net
Jewellery
 i - a ring of see invisible (left tentacle)
Wands
 k - a wand of paralysis (11)
 s - a wand of iceblast (10)
 t - a wand of flame (19)
 u - a wand of mindburst (12)
 v - a wand of acid (6)
Scrolls
 l - a scroll of torment
 r - a scroll of immolation
Potions
 a - a potion of magic
 b - a potion of cancellation {unknown}
 d - a potion of mutation
 e - 2 potions of resistance
 g - 2 potions of enlightenment {unknown}
 n - a potion of might {unknown}
 o - a potion of attraction {unknown}
 q - a potion of degeneration {unknown}
 w - a potion of ambrosia {unknown}


   Skills:
 + Level 2.2 Fighting
 * Level 4.3 Ranged Weapons
 - Level 2.0 Dodging
 - Level 2.6 Stealth
 + Level 6.9 Spellcasting
 + Level 8.3 Conjurations
 + Level 2.1 Translocations
 - Level 5.0 Alchemy


You had 10 spell levels left.
You knew the following spells:

 Your Spells              Type           Power      Damage    Failure   Level
a - Magic Dart            Conj           100%       1d8       1%          1
b - Searing Ray           Conj           88%        2d7       1%          2
c - Fulminant Prism       Conj/Alch      18%        3d11      5%          4
d - Iskenderun's Mystic Conj/Tloc 30%            2d8        (+2d4     10%         4

Your spell library contained the following spells:

 Spells                   Type           Power      Damage    Failure   Level
 Foxfire                  Conj/Fire      100%       2x1d9     1%          1
 Sting                    Conj/Alch      100%       1d9       1%          1
 Apportation              Tloc           34%        N/A       3%          1
 Iskenderun's Battlesphe  Conj           44%        2d10      8%          5
 Necrotise                Necr           28%        1d5       9%          1
 Summon Small Mammal      Summ           28%        N/A       9%          1
 Volatile Blastmotes      Fire/Tloc      24%        2d12      16%         3
 Vhi's Electric Charge    Tloc/Air       24%        N/A       47%         4
 Bombard                  Conj/Erth      12%        9d3       93%         6
 Gell's Gavotte           Tloc           8%         2d(15-22) 99%         6
 Spellforged Servitor     Conj/Summ      12%        N/A       100%        7


Dungeon Overview and Level Annotations

Branches:
Dungeon (7/15)             Temple (1/1) D:4

Altars:
Ashenzari
Cheibriados
Dithmenos
Elyvilon
Fedhas
Gozag
Hepliaklqana
Kikubaaqudgha
Makhleb
Nemelex Xobeh
Okawaru
Qazlal
Ru
Uskayaw
Vehumet
Xom
Yredelemnul
Zin
The Shining One

Shops:
D:2 *   D:3 [   D:4 *


Innate Abilities, Weirdness & Mutations

You cannot wear most types of armour.
You are amphibious.
You can wear up to eight rings at the same time.
Your skin changes colour to match your surroundings (Stealth+).
Your rubbery body absorbs attacks. (AC +1, EV +1)
((You are camouflaged when in or above water. (Stealth+)))
You have tentacles for arms and can constrict up to eight enemies at once.


Message History

The cyclops moves out of view.
The cyclops shouts!
Found a white marble altar of Elyvilon and a burning altar of Makhleb.
Found a basalt altar of Yredelemnul and an opulent altar of Gozag.
Found three altars.
Okay, then.
It was a potion of invisibility.
You fade into invisibility!
You feel yourself speed up.
There is a fountain of clear blue water here.
Fire: p) +0 triple crossbow
Press: ? - help, Shift-Dir - straight line, f - cyclops
Aim: a cyclops, quivering large rocks (wandering, unable to see you, hasn't noticed you, 84% to hit)
You shoot a bolt.
The bolt hits the cyclops but does no damage.
Casting: Searing Ray (safe; 1% risk of failure)
Confirm with . or Enter, or press ? or * to list all spells.
You erupt in a blast of force!
The mystic blast hits the cyclops!
The cyclops is lightly wounded.
The cyclops is knocked back by the mystic blast.
Casting: Iskenderun's Mystic Blast (dangerous; 10% risk of failure)
Confirm with . or Enter, or press ? or * to list all spells.
Aiming: Fulminant Prism (dangerous; 5% risk of failure)
Press: ? - help, Dir - move target, p - cyclops You miscast Fulminant Prism.
You are very lightly contaminated with residual magic.
Strange energies run through your body!
* * * LOW HITPOINT WARNING * * *
Casting: Fulminant Prism (dangerous; 5% risk of failure)
Confirm with . or Enter, or press ? or * to list all spells.
You don't have enough magic to cast this spell.
The cyclops barely misses you.
There is a fountain of clear blue water here.
You shoot a bolt. The bolt hits the cyclops!
The cyclops is moderately wounded.
You flicker for a moment.
The cyclops hits you!
* * * LOW HITPOINT WARNING * * *
Okay, then.
Magic courses through your body. The cyclops hits you!!
You die...

###########
..........# ####
⌠._._._.⌠.## #...##
...........##.....##
ß._._._.ß.......#..#
............#...##..
⌠._._._@C.#.....###.
..........##.###.##.
############C.###.#.
#####§##C......####.
#§§§§...######.....ß
#§§§§##.# .####.
#§§§§##'#### ###.#.
#......C...# ##.##.
##.........# .###.


You could see a cyclops (unable to see you).

Vanquished Creatures
  A troll (D:7)
  Grinder (D:5)
  A shadow (D:6)
  A vampire (D:7)
  A wraith (D:7)
  A steam dragon (D:6)
  Menkaure (D:7)
  2 water moccasins
  2 ice beasts
  An ogre (D:3)
  A black bear (D:5)
  An orc warrior (D:7)
  2 phantoms
  A gnoll sergeant (D:6)
  A scorpion (D:5)
  A bombardier beetle (D:5)
  4 orc priests
  A jelly (D:4)
  A hound (D:5)
  A sleepcap (D:5)
  An iguana (D:5)
  4 orc wizards
  4 gnolls (D:6)
  6 adders
  A dart slug (D:1)
  2 ribbon worms
  24 orcs
  8 bats
  7 endoplasms
  A giant cockroach (D:3)
  7 goblins
  3 hobgoblins
  A jackal (D:3)
  7 kobolds
  A quokka (D:3)
  10 ball pythons
  4 frilled lizards
  4 rats
121 creatures vanquished.

Vanquished Creatures (others)
  8 fulminant prisms
8 creatures vanquished.

Grand Total: 129 creatures vanquished

Notes
Turn   | Place    | Note
-------+----------+-------------------------------------------
     0 | D:1      | Bediveer the Octopode Conjurer began the quest for the Orb.
     0 | D:1      | Reached XP level 1. HP: 11/11 MP: 3/3
   108 | D:1      | Reached XP level 2. HP: 17/17 MP: 0/5
   115 | D:1      | Learned a level 2 spell: Searing Ray
  1026 | D:1      | Reached XP level 3. HP: 21/21 MP: 2/6
  2070 | D:2      | Found Xeagrac's General Store.
  2377 | D:3      | Noticed an ogre
  2627 | D:3      | Found a sparkling altar of Nemelex Xobeh.
  2659 | D:3      | Reached XP level 4. HP: 25/27 MP: 3/8
  2844 | D:3      | Found Qoexagra's Armour Emporium.
  2950 | D:3      | Learned a level 4 spell: Fulminant Prism
  3313 | D:3      | Killed an ogre
  3314 | D:3      | Reached skill level 5 in Conjurations
  3314 | D:3      | Reached skill level 1 in Alchemy
  3314 | D:3      | Reached XP level 5. HP: 31/31 MP: 1/10
  3795 | D:4      | Found a staircase to the Ecumenical Temple.
  3807 | Temple   | Entered the Ecumenical Temple
  3824 | Temple   | Became a worshipper of Vehumet
  4103 | D:4      | Found a broken altar of Ashenzari.
  4381 | D:4      | Reached XP level 6. HP: 13/36 MP: 4/11
  4512 | D:4      | Found Buaduvegg's General Store.
  4519 | D:4      | Bought a potion of heal wounds for 55 gold pieces
  4889 | D:5      | Entered Level 5 of the Dungeon
  5099 | D:5      | Noticed a water moccasin
  5114 | D:5      | Killed a water moccasin
  5115 | D:5      | Reached XP level 7. HP: 31/41 MP: 6/13
  5136 | D:5      | Reached skill level 6 in Conjurations
  5302 | D:5      | Noticed Grinder
  5312 | D:5      | Killed Grinder
  5313 | D:5      | Reached skill level 5 in Spellcasting
  5980 | D:5      | Reached XP level 8. HP: 18/46 MP: 10/15
  6141 | D:6      | Reached skill level 5 in Alchemy
  6344 | D:2      | Bought 3 scrolls of blinking for 270 gold pieces
  6427 | D:6      | Reached * piety under Vehumet
  6427 | D:6      | Offered knowledge of Foxfire by Vehumet.
  6440 | D:6      | Reached skill level 7 in Conjurations
  6525 | D:6      | Noticed a shadow
  6527 | D:6      | Killed a shadow
  6857 | D:6      | Reached skill level 1 in Ranged Weapons
  7831 | D:7      | Noticed a vampire
  7997 | D:6      | Learned a level 4 spell: Iskenderun's Mystic Blast
  8016 | D:7      | Reached XP level 9. HP: 52/52 MP: 14/18
  8054 | D:7      | Reached skill level 1 in Fighting
  8054 | D:7      | Reached skill level 8 in Conjurations
  8159 | D:7      | Reached skill level 1 in Translocations
  8279 | D:7      | Noticed Menkaure
  8281 | D:7      | Killed Menkaure
  8421 | D:7      | Found a snail-covered altar of Cheibriados.
  8422 | D:7      | Found a shadowy altar of Dithmenos.
  8422 | D:7      | Noticed a troll
  8426 | D:7      | Killed a troll
  8451 | D:7      | Noticed a cyclops
  8464 | D:7      | Found a white marble altar of Elyvilon.
  8464 | D:7      | Found a burning altar of Makhleb.
  8465 | D:7      | Found a basalt altar of Yredelemnul.
  8465 | D:7      | Found an opulent altar of Gozag.
  8466 | D:7      | Found an iron altar of Okawaru.
  8466 | D:7      | Found a glowing silver altar of Zin.
  8466 | D:7      | Found a blossoming altar of Fedhas.
  8476 | D:7      | Mangled by a cyclops

Illustrated notes

Levels and vault maps discovered:
D:1:      heliophobic_arrival_ceremonial_halls, layout_basic
D:2:      layout_loops_corners, serial_shops, nicolae_shop_tiny_glass,
          chequers_serial_rivers_micro_b
D:3:      layout_basic, nemelex_spade_bored_becter, serial_shops, shop,
          st_stairs_11, dk_vineyard_2
D:4:      layout_loops_ring, mainiacjoe_overflow_small_starburst,
          minmay_temple_entry_drinking_statues, serial_shops, shop,
          serial_library_hellmonk_double_dead_end
D:5:      layout_basic, serial_co_window_serial, co_window_paths_b,
          co_window_paths_b, co_window_corner_a, co_window_cross_1,
          co_window_cross_1, co_window_paths_b, co_window_corner_cb,
          co_window_corner_b, co_window_corner_cb, co_window_corner_cb,
          co_window_corner_ca, glass_columns_b, glass_columns_b,
          glass_columns_a, glass_columns_b, uniq_grinder
D:6:      layout_rooms, serial_co_window_serial, co_window_paths_b,
          co_window_paths_a, co_window_corner_a, co_window_corner_a,
          co_window_of_opportunity_a, co_window_of_opportunity_a,
          co_window_cross_1, co_window_broadway_c, co_window_unsneaky_path_b,
          co_window_paths_c, co_window_corner_cb, co_window_broadway_a,
          co_window_2corner, co_window_paths_e, glass_columns_a,
          glass_columns_a, glass_columns_b
D:7:      layout_basic, nicolae_overflows_in_rows, dk_noncrumbling_3,
          nicolae_zen_rock_garden, serial_park_tiny_2, minmay_misc_feat_doors,
          dk_noncrumbling_4, kb_rosetta, uniq_menkaure
Temple:   hellmonk_temple_of_storms

Skill      XL: |  1  2  3  4  5  6  7  8  9 |
---------------+----------------------------+-----
Spellcasting   | 3 4 5 6 |  6.9
Conjurations   | 5 6 7 8 |  8.3
Alchemy        | 1 2 3 4 5 |  5.0
Ranged Weapons | 2 4 |  4.3
Fighting       | 2 |  2.2
Translocations | 2 |  2.1
Dodging        | |  2.0
Stealth        | |  2.6

Action                     |  1- 3 |  4- 6 |  7- 9 || total
---------------------------+-------+-------+-------++-------
  Melee: Unarmed           |     4 |       |       ||     4
         Tentacles         |     1 |     1 |       ||     2
         Dagger            |     1 |     2 |       ||     3
         Constrict         |     1 |       |       ||     1
   Fire: Triple crossbow   |       |    20 |    72 ||    92
   Cast: Magic Dart        |    69 |    46 |       ||   115
         Searing Ray       |     2 |    14 |    37 ||    53
         Fulminant Prism   |       |       |     8 ||     8
         Iskenderun's Myst |       |       |     1 ||     1
    Use: Scroll            |     2 |     3 |     9 ||    14
         Potion            |       |     3 |     5 ||     8
 Armour: Skin              |     3 |    26 |    62 ||    91
  Dodge: Dodged            |     6 |    13 |    57 ||    76

Table legend: (Time is in decaauts)
 A = Elapsed time spent in this place.
 B = Non-inter-level travel time spent in this place.
 C = Inter-level travel time spent in this place.
 D = Time resting spent in this place.
 E = Time spent auto-exploring this place.
 F = Levels seen in this place.
 G = Mean time per level.
                   A        B        C        D        E       F      G
               +--------+--------+--------+--------+--------+-----+--------+
         Total |   8591 |   8191 |    400 |    243 |   7101 |   8 | 1073.9 |
       Dungeon |   8564 |   8172 |    392 |    243 |   7101 |   7 | 1223.4 |
        Temple |     26 |     18 |      8 |      0 |      0 |   1 |   26.0 |
               +--------+--------+--------+--------+--------+-----+--------+

Top non-repeatable levels by time:
     D:6: 1499 daAuts
     D:3: 1296 daAuts
     D:5: 1288 daAuts
     D:1: 1288 daAuts
     D:2: 1225 daAuts
     D:4: 1198 daAuts
     D:7: 766 daAuts
  Temple: 26 daAuts
